%YAML 1.1
%TAG !u! tag:unity3d.com,2011:
--- !u!1 &528046001
GameObject:
  m_ObjectHideFlags: 0
  m_CorrespondingSourceObject: {fileID: 0}
  m_PrefabInstance: {fileID: 0}
  m_PrefabAsset: {fileID: 0}
  serializedVersion: 6
  m_Component:
  - component: {fileID: 528046002}
  m_Layer: 13
  m_Name: CollCheck
  m_TagString: Untagged
  m_Icon: {fileID: 0}
  m_NavMeshLayer: 0
  m_StaticEditorFlags: 0
  m_IsActive: 1
--- !u!4 &528046002
Transform:
  m_ObjectHideFlags: 0
  m_CorrespondingSourceObject: {fileID: 0}
  m_PrefabInstance: {fileID: 0}
  m_PrefabAsset: {fileID: 0}
  m_GameObject: {fileID: 528046001}
  m_LocalRotation: {x: 0, y: 0, z: 0, w: 1}
  m_LocalPosition: {x: 0, y: 0, z: 0}
  m_LocalScale: {x: 1, y: 1, z: 1}
  m_Children: []
  m_Father: {fileID: 1563922448}
  m_RootOrder: 0
  m_LocalEulerAnglesHint: {x: 0, y: 0, z: 0}
--- !u!1 &711050265
GameObject:
  m_ObjectHideFlags: 0
  m_CorrespondingSourceObject: {fileID: 0}
  m_PrefabInstance: {fileID: 0}
  m_PrefabAsset: {fileID: 0}
  serializedVersion: 6
  m_Component:
  - component: {fileID: 711050266}
  - component: {fileID: 711050271}
  - component: {fileID: 711050270}
  - component: {fileID: 711050269}
  - component: {fileID: 711050268}
  - component: {fileID: 711050267}
  m_Layer: 12
  m_Name: Cube (2)
  m_TagString: Untagged
  m_Icon: {fileID: 0}
  m_NavMeshLayer: 0
  m_StaticEditorFlags: 0
  m_IsActive: 1
--- !u!4 &711050266
Transform:
  m_ObjectHideFlags: 0
  m_CorrespondingSourceObject: {fileID: 0}
  m_PrefabInstance: {fileID: 0}
  m_PrefabAsset: {fileID: 0}
  m_GameObject: {fileID: 711050265}
  m_LocalRotation: {x: 0, y: 0, z: 0, w: 1}
  m_LocalPosition: {x: -8.519, y: 6.635, z: 7.02}
  m_LocalScale: {x: 0.5, y: 1.1207525, z: 1.7414082}
  m_Children:
  - {fileID: 1197024218}
  m_Father: {fileID: 7025212544190718260}
  m_RootOrder: 6
  m_LocalEulerAnglesHint: {x: 0, y: 0, z: 0}
--- !u!33 &711050271
MeshFilter:
  m_ObjectHideFlags: 0
  m_CorrespondingSourceObject: {fileID: 0}
  m_PrefabInstance: {fileID: 0}
  m_PrefabAsset: {fileID: 0}
  m_GameObject: {fileID: 711050265}
  m_Mesh: {fileID: 10202, guid: 0000000000000000e000000000000000, type: 0}
--- !u!23 &711050270
MeshRenderer:
  m_ObjectHideFlags: 0
  m_CorrespondingSourceObject: {fileID: 0}
  m_PrefabInstance: {fileID: 0}
  m_PrefabAsset: {fileID: 0}
  m_GameObject: {fileID: 711050265}
  m_Enabled: 1
  m_CastShadows: 1
  m_ReceiveShadows: 1
  m_DynamicOccludee: 1
  m_MotionVectors: 1
  m_LightProbeUsage: 1
  m_ReflectionProbeUsage: 1
  m_RayTracingMode: 2
  m_RenderingLayerMask: 1
  m_RendererPriority: 0
  m_Materials:
  - {fileID: 10303, guid: 0000000000000000f000000000000000, type: 0}
  m_StaticBatchInfo:
    firstSubMesh: 0
    subMeshCount: 0
  m_StaticBatchRoot: {fileID: 0}
  m_ProbeAnchor: {fileID: 0}
  m_LightProbeVolumeOverride: {fileID: 0}
  m_ScaleInLightmap: 1
  m_ReceiveGI: 1
  m_PreserveUVs: 0
  m_IgnoreNormalsForChartDetection: 0
  m_ImportantGI: 0
  m_StitchLightmapSeams: 1
  m_SelectedEditorRenderState: 3
  m_MinimumChartSize: 4
  m_AutoUVMaxDistance: 0.5
  m_AutoUVMaxAngle: 89
  m_LightmapParameters: {fileID: 0}
  m_SortingLayerID: 0
  m_SortingLayer: 0
  m_SortingOrder: 0
--- !u!65 &711050269
BoxCollider:
  m_ObjectHideFlags: 0
  m_CorrespondingSourceObject: {fileID: 0}
  m_PrefabInstance: {fileID: 0}
  m_PrefabAsset: {fileID: 0}
  m_GameObject: {fileID: 711050265}
  m_Material: {fileID: 0}
  m_IsTrigger: 0
  m_Enabled: 1
  serializedVersion: 2
  m_Size: {x: 1, y: 1, z: 1}
  m_Center: {x: 0, y: 0, z: 0}
--- !u!54 &711050268
Rigidbody:
  m_ObjectHideFlags: 0
  m_CorrespondingSourceObject: {fileID: 0}
  m_PrefabInstance: {fileID: 0}
  m_PrefabAsset: {fileID: 0}
  m_GameObject: {fileID: 711050265}
  serializedVersion: 2
  m_Mass: 1
  m_Drag: 0
  m_AngularDrag: 0.05
  m_UseGravity: 1
  m_IsKinematic: 0
  m_Interpolate: 0
  m_Constraints: 14
  m_CollisionDetection: 0
--- !u!114 &711050267
MonoBehaviour:
  m_ObjectHideFlags: 0
  m_CorrespondingSourceObject: {fileID: 0}
  m_PrefabInstance: {fileID: 0}
  m_PrefabAsset: {fileID: 0}
  m_GameObject: {fileID: 711050265}
  m_Enabled: 1
  m_EditorHideFlags: 0
  m_Script: {fileID: 11500000, guid: 977900ab6451d95419c8e1152373db9d, type: 3}
  m_Name: 
  m_EditorClassIdentifier: 
  holdDuration: 0
  id: 0
  holdInteract: 0
  multipleUse: 0
  isInteractable: 1
  condition: 1
  tooltipMessage: Interact
  tooltipMessageCondition: Can't interact
  inputManager: {fileID: 0}
  playerLocomotion: {fileID: 0}
  player: {fileID: 0}
  collCheck: {fileID: 0}
  DistanceFrontBack: 0
  DistanceRightLeft: 0
  currentHitObject: {fileID: 0}
  interactLayer:
    serializedVersion: 2
    m_Bits: 2048
  move: 0
--- !u!1 &827613231
GameObject:
  m_ObjectHideFlags: 0
  m_CorrespondingSourceObject: {fileID: 0}
  m_PrefabInstance: {fileID: 0}
  m_PrefabAsset: {fileID: 0}
  serializedVersion: 6
  m_Component:
  - component: {fileID: 827613232}
  m_Layer: 13
  m_Name: CollCheck
  m_TagString: Untagged
  m_Icon: {fileID: 0}
  m_NavMeshLayer: 0
  m_StaticEditorFlags: 0
  m_IsActive: 1
--- !u!4 &827613232
Transform:
  m_ObjectHideFlags: 0
  m_CorrespondingSourceObject: {fileID: 0}
  m_PrefabInstance: {fileID: 0}
  m_PrefabAsset: {fileID: 0}
  m_GameObject: {fileID: 827613231}
  m_LocalRotation: {x: 0, y: 0, z: 0, w: 1}
  m_LocalPosition: {x: 0, y: 0, z: 0}
  m_LocalScale: {x: 1, y: 1, z: 1}
  m_Children: []
  m_Father: {fileID: 961334541}
  m_RootOrder: 0
  m_LocalEulerAnglesHint: {x: 0, y: 0, z: 0}
--- !u!1 &961334540
GameObject:
  m_ObjectHideFlags: 0
  m_CorrespondingSourceObject: {fileID: 0}
  m_PrefabInstance: {fileID: 0}
  m_PrefabAsset: {fileID: 0}
  serializedVersion: 6
  m_Component:
  - component: {fileID: 961334541}
  - component: {fileID: 961334545}
  - component: {fileID: 961334544}
  - component: {fileID: 961334543}
  - component: {fileID: 961334542}
  - component: {fileID: 961334546}
  m_Layer: 12
  m_Name: Cube
  m_TagString: Untagged
  m_Icon: {fileID: 0}
  m_NavMeshLayer: 0
  m_StaticEditorFlags: 0
  m_IsActive: 1
--- !u!4 &961334541
Transform:
  m_ObjectHideFlags: 0
  m_CorrespondingSourceObject: {fileID: 0}
  m_PrefabInstance: {fileID: 0}
  m_PrefabAsset: {fileID: 0}
  m_GameObject: {fileID: 961334540}
  m_LocalRotation: {x: 0, y: 0, z: 0, w: 1}
  m_LocalPosition: {x: -9.176, y: 6.487, z: 5.86}
  m_LocalScale: {x: 0.49958152, y: 0.7808253, z: 1}
  m_Children:
  - {fileID: 827613232}
  m_Father: {fileID: 7025212544190718260}
  m_RootOrder: 4
  m_LocalEulerAnglesHint: {x: 0, y: 0, z: 0}
--- !u!33 &961334545
MeshFilter:
  m_ObjectHideFlags: 0
  m_CorrespondingSourceObject: {fileID: 0}
  m_PrefabInstance: {fileID: 0}
  m_PrefabAsset: {fileID: 0}
  m_GameObject: {fileID: 961334540}
  m_Mesh: {fileID: 10202, guid: 0000000000000000e000000000000000, type: 0}
--- !u!23 &961334544
MeshRenderer:
  m_ObjectHideFlags: 0
  m_CorrespondingSourceObject: {fileID: 0}
  m_PrefabInstance: {fileID: 0}
  m_PrefabAsset: {fileID: 0}
  m_GameObject: {fileID: 961334540}
  m_Enabled: 1
  m_CastShadows: 1
  m_ReceiveShadows: 1
  m_DynamicOccludee: 1
  m_MotionVectors: 1
  m_LightProbeUsage: 1
  m_ReflectionProbeUsage: 1
  m_RayTracingMode: 2
  m_RenderingLayerMask: 1
  m_RendererPriority: 0
  m_Materials:
  - {fileID: 10303, guid: 0000000000000000f000000000000000, type: 0}
  m_StaticBatchInfo:
    firstSubMesh: 0
    subMeshCount: 0
  m_StaticBatchRoot: {fileID: 0}
  m_ProbeAnchor: {fileID: 0}
  m_LightProbeVolumeOverride: {fileID: 0}
  m_ScaleInLightmap: 1
  m_ReceiveGI: 1
  m_PreserveUVs: 0
  m_IgnoreNormalsForChartDetection: 0
  m_ImportantGI: 0
  m_StitchLightmapSeams: 1
  m_SelectedEditorRenderState: 3
  m_MinimumChartSize: 4
  m_AutoUVMaxDistance: 0.5
  m_AutoUVMaxAngle: 89
  m_LightmapParameters: {fileID: 0}
  m_SortingLayerID: 0
  m_SortingLayer: 0
  m_SortingOrder: 0
--- !u!65 &961334543
BoxCollider:
  m_ObjectHideFlags: 0
  m_CorrespondingSourceObject: {fileID: 0}
  m_PrefabInstance: {fileID: 0}
  m_PrefabAsset: {fileID: 0}
  m_GameObject: {fileID: 961334540}
  m_Material: {fileID: 0}
  m_IsTrigger: 0
  m_Enabled: 1
  serializedVersion: 2
  m_Size: {x: 1, y: 1, z: 1}
  m_Center: {x: 0, y: 0, z: 0}
--- !u!54 &961334542
Rigidbody:
  m_ObjectHideFlags: 0
  m_CorrespondingSourceObject: {fileID: 0}
  m_PrefabInstance: {fileID: 0}
  m_PrefabAsset: {fileID: 0}
  m_GameObject: {fileID: 961334540}
  serializedVersion: 2
  m_Mass: 1
  m_Drag: 0
  m_AngularDrag: 0.05
  m_UseGravity: 1
  m_IsKinematic: 0
  m_Interpolate: 0
  m_Constraints: 112
  m_CollisionDetection: 0
--- !u!114 &961334546
MonoBehaviour:
  m_ObjectHideFlags: 0
  m_CorrespondingSourceObject: {fileID: 0}
  m_PrefabInstance: {fileID: 0}
  m_PrefabAsset: {fileID: 0}
  m_GameObject: {fileID: 961334540}
  m_Enabled: 1
  m_EditorHideFlags: 0
  m_Script: {fileID: 11500000, guid: 977900ab6451d95419c8e1152373db9d, type: 3}
  m_Name: 
  m_EditorClassIdentifier: 
  holdDuration: 0
  id: 0
  holdInteract: 0
  multipleUse: 0
  isInteractable: 1
  condition: 1
  tooltipMessage: Interact
  tooltipMessageCondition: Can't interact
  inputManager: {fileID: 0}
  playerLocomotion: {fileID: 0}
  player: {fileID: 0}
  collCheck: {fileID: 0}
  DistanceFrontBack: 0
  DistanceRightLeft: 0
  currentHitObject: {fileID: 0}
  interactLayer:
    serializedVersion: 2
    m_Bits: 2048
  move: 0
--- !u!1 &983183923
GameObject:
  m_ObjectHideFlags: 0
  m_CorrespondingSourceObject: {fileID: 0}
  m_PrefabInstance: {fileID: 0}
  m_PrefabAsset: {fileID: 0}
  serializedVersion: 6
  m_Component:
  - component: {fileID: 983183924}
  - component: {fileID: 983183929}
  - component: {fileID: 983183928}
  - component: {fileID: 983183927}
  - component: {fileID: 983183926}
  m_Layer: 0
  m_Name: Cube (4)
  m_TagString: InvisibleWall
  m_Icon: {fileID: 0}
  m_NavMeshLayer: 0
  m_StaticEditorFlags: 0
  m_IsActive: 1
--- !u!4 &983183924
Transform:
  m_ObjectHideFlags: 0
  m_CorrespondingSourceObject: {fileID: 0}
  m_PrefabInstance: {fileID: 0}
  m_PrefabAsset: {fileID: 0}
  m_GameObject: {fileID: 983183923}
  m_LocalRotation: {x: -0, y: -0.49880838, z: -0, w: 0.8667124}
  m_LocalPosition: {x: -6.264, y: 6.626, z: 3.074}
  m_LocalScale: {x: 0.5, y: 1.1207523, z: 1.6206416}
  m_Children: []
  m_Father: {fileID: 7025212544190718260}
  m_RootOrder: 7
  m_LocalEulerAnglesHint: {x: 0, y: -59.842003, z: 0}
--- !u!33 &983183929
MeshFilter:
  m_ObjectHideFlags: 0
  m_CorrespondingSourceObject: {fileID: 0}
  m_PrefabInstance: {fileID: 0}
  m_PrefabAsset: {fileID: 0}
  m_GameObject: {fileID: 983183923}
  m_Mesh: {fileID: 10202, guid: 0000000000000000e000000000000000, type: 0}
--- !u!23 &983183928
MeshRenderer:
  m_ObjectHideFlags: 0
  m_CorrespondingSourceObject: {fileID: 0}
  m_PrefabInstance: {fileID: 0}
  m_PrefabAsset: {fileID: 0}
  m_GameObject: {fileID: 983183923}
  m_Enabled: 1
  m_CastShadows: 1
  m_ReceiveShadows: 1
  m_DynamicOccludee: 1
  m_MotionVectors: 1
  m_LightProbeUsage: 1
  m_ReflectionProbeUsage: 1
  m_RayTracingMode: 2
  m_RenderingLayerMask: 1
  m_RendererPriority: 0
  m_Materials:
  - {fileID: 2100000, guid: ce76adb9fe9bf684cb64a9207599c550, type: 2}
  m_StaticBatchInfo:
    firstSubMesh: 0
    subMeshCount: 0
  m_StaticBatchRoot: {fileID: 0}
  m_ProbeAnchor: {fileID: 0}
  m_LightProbeVolumeOverride: {fileID: 0}
  m_ScaleInLightmap: 1
  m_ReceiveGI: 1
  m_PreserveUVs: 0
  m_IgnoreNormalsForChartDetection: 0
  m_ImportantGI: 0
  m_StitchLightmapSeams: 1
  m_SelectedEditorRenderState: 3
  m_MinimumChartSize: 4
  m_AutoUVMaxDistance: 0.5
  m_AutoUVMaxAngle: 89
  m_LightmapParameters: {fileID: 0}
  m_SortingLayerID: 0
  m_SortingLayer: 0
  m_SortingOrder: 0
--- !u!65 &983183927
BoxCollider:
  m_ObjectHideFlags: 0
  m_CorrespondingSourceObject: {fileID: 0}
  m_PrefabInstance: {fileID: 0}
  m_PrefabAsset: {fileID: 0}
  m_GameObject: {fileID: 983183923}
  m_Material: {fileID: 0}
  m_IsTrigger: 0
  m_Enabled: 1
  serializedVersion: 2
  m_Size: {x: 1, y: 1, z: 1}
  m_Center: {x: 0, y: 0, z: 0}
--- !u!54 &983183926
Rigidbody:
  m_ObjectHideFlags: 0
  m_CorrespondingSourceObject: {fileID: 0}
  m_PrefabInstance: {fileID: 0}
  m_PrefabAsset: {fileID: 0}
  m_GameObject: {fileID: 983183923}
  serializedVersion: 2
  m_Mass: 1
  m_Drag: 0
  m_AngularDrag: 0.05
  m_UseGravity: 1
  m_IsKinematic: 0
  m_Interpolate: 0
  m_Constraints: 14
  m_CollisionDetection: 0
--- !u!1 &1197024217
GameObject:
  m_ObjectHideFlags: 0
  m_CorrespondingSourceObject: {fileID: 0}
  m_PrefabInstance: {fileID: 0}
  m_PrefabAsset: {fileID: 0}
  serializedVersion: 6
  m_Component:
  - component: {fileID: 1197024218}
  m_Layer: 13
  m_Name: CollCheck
  m_TagString: Untagged
  m_Icon: {fileID: 0}
  m_NavMeshLayer: 0
  m_StaticEditorFlags: 0
  m_IsActive: 1
--- !u!4 &1197024218
Transform:
  m_ObjectHideFlags: 0
  m_CorrespondingSourceObject: {fileID: 0}
  m_PrefabInstance: {fileID: 0}
  m_PrefabAsset: {fileID: 0}
  m_GameObject: {fileID: 1197024217}
  m_LocalRotation: {x: 0, y: 0, z: 0, w: 1}
  m_LocalPosition: {x: 0, y: 0, z: 0}
  m_LocalScale: {x: 1, y: 1, z: 1}
  m_Children: []
  m_Father: {fileID: 711050266}
  m_RootOrder: 0
  m_LocalEulerAnglesHint: {x: 0, y: 0, z: 0}
--- !u!1 &1563922447
GameObject:
  m_ObjectHideFlags: 0
  m_CorrespondingSourceObject: {fileID: 0}
  m_PrefabInstance: {fileID: 0}
  m_PrefabAsset: {fileID: 0}
  serializedVersion: 6
  m_Component:
  - component: {fileID: 1563922448}
  - component: {fileID: 1563922453}
  - component: {fileID: 1563922452}
  - component: {fileID: 1563922451}
  - component: {fileID: 1563922450}
  - component: {fileID: 1563922449}
  m_Layer: 12
  m_Name: Cube (5)
  m_TagString: Untagged
  m_Icon: {fileID: 0}
  m_NavMeshLayer: 0
  m_StaticEditorFlags: 0
  m_IsActive: 1
--- !u!4 &1563922448
Transform:
  m_ObjectHideFlags: 0
  m_CorrespondingSourceObject: {fileID: 0}
  m_PrefabInstance: {fileID: 0}
  m_PrefabAsset: {fileID: 0}
  m_GameObject: {fileID: 1563922447}
  m_LocalRotation: {x: 0, y: 0, z: 0, w: 1}
  m_LocalPosition: {x: -7.24, y: 6.874, z: 3.095}
  m_LocalScale: {x: 0.1, y: 1.6015611, z: 1.3555946}
  m_Children:
  - {fileID: 528046002}
  m_Father: {fileID: 7025212544190718260}
  m_RootOrder: 8
  m_LocalEulerAnglesHint: {x: 0, y: 0, z: 0}
--- !u!33 &1563922453
MeshFilter:
  m_ObjectHideFlags: 0
  m_CorrespondingSourceObject: {fileID: 0}
  m_PrefabInstance: {fileID: 0}
  m_PrefabAsset: {fileID: 0}
  m_GameObject: {fileID: 1563922447}
  m_Mesh: {fileID: 10202, guid: 0000000000000000e000000000000000, type: 0}
--- !u!23 &1563922452
MeshRenderer:
  m_ObjectHideFlags: 0
  m_CorrespondingSourceObject: {fileID: 0}
  m_PrefabInstance: {fileID: 0}
  m_PrefabAsset: {fileID: 0}
  m_GameObject: {fileID: 1563922447}
  m_Enabled: 1
  m_CastShadows: 1
  m_ReceiveShadows: 1
  m_DynamicOccludee: 1
  m_MotionVectors: 1
  m_LightProbeUsage: 1
  m_ReflectionProbeUsage: 1
  m_RayTracingMode: 2
  m_RenderingLayerMask: 1
  m_RendererPriority: 0
  m_Materials:
  - {fileID: 10303, guid: 0000000000000000f000000000000000, type: 0}
  m_StaticBatchInfo:
    firstSubMesh: 0
    subMeshCount: 0
  m_StaticBatchRoot: {fileID: 0}
  m_ProbeAnchor: {fileID: 0}
  m_LightProbeVolumeOverride: {fileID: 0}
  m_ScaleInLightmap: 1
  m_ReceiveGI: 1
  m_PreserveUVs: 0
  m_IgnoreNormalsForChartDetection: 0
  m_ImportantGI: 0
  m_StitchLightmapSeams: 1
  m_SelectedEditorRenderState: 3
  m_MinimumChartSize: 4
  m_AutoUVMaxDistance: 0.5
  m_AutoUVMaxAngle: 89
  m_LightmapParameters: {fileID: 0}
  m_SortingLayerID: 0
  m_SortingLayer: 0
  m_SortingOrder: 0
--- !u!65 &1563922451
BoxCollider:
  m_ObjectHideFlags: 0
  m_CorrespondingSourceObject: {fileID: 0}
  m_PrefabInstance: {fileID: 0}
  m_PrefabAsset: {fileID: 0}
  m_GameObject: {fileID: 1563922447}
  m_Material: {fileID: 0}
  m_IsTrigger: 0
  m_Enabled: 1
  serializedVersion: 2
  m_Size: {x: 1, y: 1, z: 1}
  m_Center: {x: 0, y: 0, z: 0}
--- !u!54 &1563922450
Rigidbody:
  m_ObjectHideFlags: 0
  m_CorrespondingSourceObject: {fileID: 0}
  m_PrefabInstance: {fileID: 0}
  m_PrefabAsset: {fileID: 0}
  m_GameObject: {fileID: 1563922447}
  serializedVersion: 2
  m_Mass: 1
  m_Drag: 0
  m_AngularDrag: 0.05
  m_UseGravity: 1
  m_IsKinematic: 0
  m_Interpolate: 0
  m_Constraints: 14
  m_CollisionDetection: 0
--- !u!114 &1563922449
MonoBehaviour:
  m_ObjectHideFlags: 0
  m_CorrespondingSourceObject: {fileID: 0}
  m_PrefabInstance: {fileID: 0}
  m_PrefabAsset: {fileID: 0}
  m_GameObject: {fileID: 1563922447}
  m_Enabled: 1
  m_EditorHideFlags: 0
  m_Script: {fileID: 11500000, guid: 977900ab6451d95419c8e1152373db9d, type: 3}
  m_Name: 
  m_EditorClassIdentifier: 
  holdDuration: 0
  id: 0
  holdInteract: 0
  multipleUse: 0
  isInteractable: 1
  condition: 1
  tooltipMessage: Interact
  tooltipMessageCondition: Can't interact
  inputManager: {fileID: 0}
  playerLocomotion: {fileID: 0}
  player: {fileID: 0}
  collCheck: {fileID: 0}
  DistanceFrontBack: 0
  DistanceRightLeft: 0
  currentHitObject: {fileID: 0}
  interactLayer:
    serializedVersion: 2
    m_Bits: 2048
  move: 0
--- !u!64 &1284809106
MeshCollider:
  m_ObjectHideFlags: 0
  m_CorrespondingSourceObject: {fileID: 0}
  m_PrefabInstance: {fileID: 0}
  m_PrefabAsset: {fileID: 0}
  m_GameObject: {fileID: 5012343394100462548}
  m_Material: {fileID: 0}
  m_IsTrigger: 0
  m_Enabled: 1
  serializedVersion: 4
  m_Convex: 0
  m_CookingOptions: 30
  m_Mesh: {fileID: -3260269159673002671, guid: 5078c49226575694c899d166b10e7e49, type: 3}
--- !u!64 &1940840346
MeshCollider:
  m_ObjectHideFlags: 0
  m_CorrespondingSourceObject: {fileID: 0}
  m_PrefabInstance: {fileID: 0}
  m_PrefabAsset: {fileID: 0}
  m_GameObject: {fileID: 1745010546715237621}
  m_Material: {fileID: 0}
  m_IsTrigger: 0
  m_Enabled: 1
  serializedVersion: 4
  m_Convex: 0
  m_CookingOptions: 30
  m_Mesh: {fileID: -8104378957584961196, guid: 5078c49226575694c899d166b10e7e49, type: 3}
--- !u!64 &1054397159
MeshCollider:
  m_ObjectHideFlags: 0
  m_CorrespondingSourceObject: {fileID: 0}
  m_PrefabInstance: {fileID: 0}
  m_PrefabAsset: {fileID: 0}
  m_GameObject: {fileID: 6091468655453386901}
  m_Material: {fileID: 0}
  m_IsTrigger: 0
  m_Enabled: 1
  serializedVersion: 4
  m_Convex: 0
  m_CookingOptions: 30
  m_Mesh: {fileID: -5616087892306231479, guid: 5078c49226575694c899d166b10e7e49, type: 3}
--- !u!65 &1054397160
BoxCollider:
  m_ObjectHideFlags: 0
  m_CorrespondingSourceObject: {fileID: 0}
  m_PrefabInstance: {fileID: 0}
  m_PrefabAsset: {fileID: 0}
  m_GameObject: {fileID: 6091468655453386901}
  m_Material: {fileID: 0}
  m_IsTrigger: 0
  m_Enabled: 1
  serializedVersion: 2
  m_Size: {x: 0.0582189, y: 0.10806458, z: 0.000000026852145}
  m_Center: {x: -0.016386155, y: 0.0022321928, z: -0.0026100003}
--- !u!1001 &7418599476080035551
PrefabInstance:
  m_ObjectHideFlags: 0
  serializedVersion: 2
  m_Modification:
    m_TransformParent: {fileID: 0}
    m_Modifications:
    - target: {fileID: -8679921383154817045, guid: 5078c49226575694c899d166b10e7e49,
        type: 3}
      propertyPath: m_RootOrder
      value: 0
      objectReference: {fileID: 0}
    - target: {fileID: -8679921383154817045, guid: 5078c49226575694c899d166b10e7e49,
        type: 3}
      propertyPath: m_LocalPosition.x
      value: 29.81
      objectReference: {fileID: 0}
    - target: {fileID: -8679921383154817045, guid: 5078c49226575694c899d166b10e7e49,
        type: 3}
      propertyPath: m_LocalPosition.y
      value: -4.5
      objectReference: {fileID: 0}
    - target: {fileID: -8679921383154817045, guid: 5078c49226575694c899d166b10e7e49,
        type: 3}
      propertyPath: m_LocalPosition.z
      value: 0.14329576
      objectReference: {fileID: 0}
    - target: {fileID: -8679921383154817045, guid: 5078c49226575694c899d166b10e7e49,
        type: 3}
      propertyPath: m_LocalRotation.w
      value: 1
      objectReference: {fileID: 0}
    - target: {fileID: -8679921383154817045, guid: 5078c49226575694c899d166b10e7e49,
        type: 3}
      propertyPath: m_LocalRotation.x
      value: 0
      objectReference: {fileID: 0}
    - target: {fileID: -8679921383154817045, guid: 5078c49226575694c899d166b10e7e49,
        type: 3}
      propertyPath: m_LocalRotation.y
      value: 0
      objectReference: {fileID: 0}
    - target: {fileID: -8679921383154817045, guid: 5078c49226575694c899d166b10e7e49,
        type: 3}
      propertyPath: m_LocalRotation.z
      value: 0
      objectReference: {fileID: 0}
    - target: {fileID: -8679921383154817045, guid: 5078c49226575694c899d166b10e7e49,
        type: 3}
      propertyPath: m_LocalEulerAnglesHint.x
      value: 0
      objectReference: {fileID: 0}
    - target: {fileID: -8679921383154817045, guid: 5078c49226575694c899d166b10e7e49,
        type: 3}
      propertyPath: m_LocalEulerAnglesHint.y
      value: 0
      objectReference: {fileID: 0}
    - target: {fileID: -8679921383154817045, guid: 5078c49226575694c899d166b10e7e49,
        type: 3}
      propertyPath: m_LocalEulerAnglesHint.z
      value: 0
      objectReference: {fileID: 0}
    - target: {fileID: -6666660977082890997, guid: 5078c49226575694c899d166b10e7e49,
        type: 3}
      propertyPath: m_Layer
      value: 14
      objectReference: {fileID: 0}
    - target: {fileID: 919132149155446097, guid: 5078c49226575694c899d166b10e7e49,
        type: 3}
      propertyPath: m_Name
      value: room204-205
      objectReference: {fileID: 0}
    m_RemovedComponents: []
  m_SourcePrefab: {fileID: 100100000, guid: 5078c49226575694c899d166b10e7e49, type: 3}
--- !u!1 &1745010546715237621 stripped
GameObject:
  m_CorrespondingSourceObject: {fileID: 9134334907028593194, guid: 5078c49226575694c899d166b10e7e49,
    type: 3}
  m_PrefabInstance: {fileID: 7418599476080035551}
  m_PrefabAsset: {fileID: 0}
--- !u!1 &5012343394100462548 stripped
GameObject:
  m_CorrespondingSourceObject: {fileID: -6666660977082890997, guid: 5078c49226575694c899d166b10e7e49,
    type: 3}
  m_PrefabInstance: {fileID: 7418599476080035551}
  m_PrefabAsset: {fileID: 0}
--- !u!1 &6091468655453386901 stripped
GameObject:
  m_CorrespondingSourceObject: {fileID: -5585283099872199094, guid: 5078c49226575694c899d166b10e7e49,
    type: 3}
  m_PrefabInstance: {fileID: 7418599476080035551}
  m_PrefabAsset: {fileID: 0}
--- !u!4 &7025212544190718260 stripped
Transform:
  m_CorrespondingSourceObject: {fileID: -8679921383154817045, guid: 5078c49226575694c899d166b10e7e49,
    type: 3}
  m_PrefabInstance: {fileID: 7418599476080035551}
  m_PrefabAsset: {fileID: 0}
--- !u!1001 &7418599478000494419
PrefabInstance:
  m_ObjectHideFlags: 0
  serializedVersion: 2
  m_Modification:
    m_TransformParent: {fileID: 7025212544190718260}
    m_Modifications:
    - target: {fileID: 4616617172476783804, guid: 13a57e06b60c7074ca776e4a4f9cd5e3,
        type: 3}
      propertyPath: m_RootOrder
      value: 5
      objectReference: {fileID: 0}
    - target: {fileID: 4616617172476783804, guid: 13a57e06b60c7074ca776e4a4f9cd5e3,
        type: 3}
      propertyPath: m_LocalScale.x
      value: 100.00006
      objectReference: {fileID: 0}
    - target: {fileID: 4616617172476783804, guid: 13a57e06b60c7074ca776e4a4f9cd5e3,
        type: 3}
      propertyPath: m_LocalScale.y
      value: 100.00004
      objectReference: {fileID: 0}
    - target: {fileID: 4616617172476783804, guid: 13a57e06b60c7074ca776e4a4f9cd5e3,
        type: 3}
      propertyPath: m_LocalScale.z
      value: 100.00007
      objectReference: {fileID: 0}
    - target: {fileID: 4616617172476783804, guid: 13a57e06b60c7074ca776e4a4f9cd5e3,
        type: 3}
      propertyPath: m_LocalPosition.x
      value: -9.277
      objectReference: {fileID: 0}
    - target: {fileID: 4616617172476783804, guid: 13a57e06b60c7074ca776e4a4f9cd5e3,
        type: 3}
      propertyPath: m_LocalPosition.y
      value: 6.23
      objectReference: {fileID: 0}
    - target: {fileID: 4616617172476783804, guid: 13a57e06b60c7074ca776e4a4f9cd5e3,
        type: 3}
      propertyPath: m_LocalPosition.z
      value: 3.087
      objectReference: {fileID: 0}
    - target: {fileID: 4616617172476783804, guid: 13a57e06b60c7074ca776e4a4f9cd5e3,
        type: 3}
      propertyPath: m_LocalRotation.w
      value: 0.49799025
      objectReference: {fileID: 0}
    - target: {fileID: 4616617172476783804, guid: 13a57e06b60c7074ca776e4a4f9cd5e3,
        type: 3}
      propertyPath: m_LocalRotation.x
      value: -0.49799025
      objectReference: {fileID: 0}
    - target: {fileID: 4616617172476783804, guid: 13a57e06b60c7074ca776e4a4f9cd5e3,
        type: 3}
      propertyPath: m_LocalRotation.y
      value: 0.50200176
      objectReference: {fileID: 0}
    - target: {fileID: 4616617172476783804, guid: 13a57e06b60c7074ca776e4a4f9cd5e3,
        type: 3}
      propertyPath: m_LocalRotation.z
      value: 0.50200176
      objectReference: {fileID: 0}
    - target: {fileID: 4616617172476783804, guid: 13a57e06b60c7074ca776e4a4f9cd5e3,
        type: 3}
      propertyPath: m_LocalEulerAnglesHint.x
      value: -90.00001
      objectReference: {fileID: 0}
    - target: {fileID: 4616617172476783804, guid: 13a57e06b60c7074ca776e4a4f9cd5e3,
        type: 3}
      propertyPath: m_LocalEulerAnglesHint.y
      value: 0
      objectReference: {fileID: 0}
    - target: {fileID: 4616617172476783804, guid: 13a57e06b60c7074ca776e4a4f9cd5e3,
        type: 3}
      propertyPath: m_LocalEulerAnglesHint.z
      value: 90.46001
      objectReference: {fileID: 0}
    - target: {fileID: 4946631984343601660, guid: 13a57e06b60c7074ca776e4a4f9cd5e3,
        type: 3}
      propertyPath: m_Materials.Array.data[0]
      value: 
      objectReference: {fileID: 2100000, guid: 3528209ee4309d94a97dc872eeddb001, type: 2}
    - target: {fileID: 4946631984343601660, guid: 13a57e06b60c7074ca776e4a4f9cd5e3,
        type: 3}
      propertyPath: m_Materials.Array.data[1]
      value: 
      objectReference: {fileID: 2100000, guid: 3528209ee4309d94a97dc872eeddb001, type: 2}
    - target: {fileID: 5429745172432958982, guid: 13a57e06b60c7074ca776e4a4f9cd5e3,
        type: 3}
      propertyPath: m_Name
      value: Flashlight (2)
      objectReference: {fileID: 0}
    - target: {fileID: 5429745172432958987, guid: 13a57e06b60c7074ca776e4a4f9cd5e3,
        type: 3}
      propertyPath: m_Center.x
      value: 0.0012
      objectReference: {fileID: 0}
    - target: {fileID: 6444993208250482274, guid: 13a57e06b60c7074ca776e4a4f9cd5e3,
        type: 3}
      propertyPath: m_Color.b
      value: 0.9607843
      objectReference: {fileID: 0}
    - target: {fileID: 6444993208250482274, guid: 13a57e06b60c7074ca776e4a4f9cd5e3,
        type: 3}
      propertyPath: m_Color.r
      value: 0.3882353
      objectReference: {fileID: 0}
    - target: {fileID: 6444993208250482274, guid: 13a57e06b60c7074ca776e4a4f9cd5e3,
        type: 3}
      propertyPath: m_Intensity
      value: 1.5
      objectReference: {fileID: 0}
    - target: {fileID: 6444993210050971501, guid: 13a57e06b60c7074ca776e4a4f9cd5e3,
        type: 3}
      propertyPath: m_Intensity
      value: 0.5
      objectReference: {fileID: 0}
    - target: {fileID: 6444993210050971501, guid: 13a57e06b60c7074ca776e4a4f9cd5e3,
        type: 3}
      propertyPath: m_Shadows.m_Bias
      value: 0
      objectReference: {fileID: 0}
    m_RemovedComponents: []
  m_SourcePrefab: {fileID: 100100000, guid: 13a57e06b60c7074ca776e4a4f9cd5e3, type: 3}
